 Dungeon Crawl Stone Soup version 0.30-a0-365-ge7f957f1db (webtiles) character file.

Game seed: 12083749635768893045

8994 Morninglord the Protected (level 11, -11/83 HPs)
             Began as a Minotaur Berserker on Nov 17, 2022.
             Was a High Priest of Trog.
             Mangled by a death yak (13 damage)
             ... on level 9 of the Dungeon.
             The game lasted 01:46:50 (10631 turns).

Morninglord the Protected (Minotaur Berserker)     Turns: 10631, Time: 01:46:51

Health: -11/83     AC: 19    Str: 25    XL:     11   Next: 17%
Magic:  10/10      EV: 12    Int:  4    God:    Trog [*****.]
Gold:   444        SH:  0    Dex: 11    Spells: 10/10 levels left

rFire   . . .      SeeInvis .    N - +0 battleaxe (drain)
rCold   . . .      Faith    +    (shield currently unavailable)
rNeg    . . .      Spirit   .    i - +0 plate armour
rPois   .          Reflect  .    (helmet restricted)
rElec   .          Harm     .    (no cloak)
rCorr   .          Rampage  .    K - +0 pair of gloves
Will    +....                    P - +0 pair of boots
Stlth   ..........               l - amulet of faith
HPRegen 0.33/turn                t - +4 ring of evasion
MPRegen 0.12/turn                B - ring of willpower

@: no status effects
A: horns 2, retaliatory headbutt
a: Renounce Religion, Berserk, Trog's Hand, Brothers in Arms


You were on level 9 of the Dungeon.
You worshipped Trog.
Trog was extremely pleased with you.
You visited 3 branches of the dungeon, and saw 11 of its levels.
You also visited: Sewer.

You collected 547 gold pieces.
You spent 103 gold pieces at shops.

Inventory:

Hand Weapons
 a - a +0 flail of draining
 b - a +0 shortbow of draining
 j - a +1 antimagic short sword
 n - a +1 dagger of electrocution
 v - a +2 longbow of freezing
 z - a +0 halberd
 N - a +0 battleaxe of draining (weapon)
 O - a +1 dire flail of protection
 S - the +6 arbalest "Damnation" {damnation}
   (You found it on level 8 of the Dungeon)

   Any ammunition fired from it explodes in a burst of damnation on striking a
   foe, dealing damage which bypasses armour.
Missiles
 A - a throwing net (quivered)
 H - 5 poisoned darts
 J - 6 curare-tipped darts
Armour
 i - a +0 plate armour (worn)
 K - a +0 pair of gloves (worn)
 P - a +0 pair of boots (worn)
Jewellery
 l - an amulet of faith (around neck)
 t - a +4 ring of evasion (left hand)
 B - a ring of willpower (right hand)
 E - a +6 ring of intelligence
 M - a ring of resist corrosion
Wands
 q - a wand of flame (7)
 x - a wand of iceblast (21)
 y - a wand of light (13)
 L - a wand of paralysis (20)
Scrolls
 g - a scroll of identify
 w - 4 scrolls of fog
 C - a scroll of fear {unknown}
 D - 3 scrolls of teleportation
 G - 2 scrolls of immolation {unknown}
 R - 2 scrolls of enchant armour {unknown}
Potions
 d - a potion of brilliance {unknown}
 e - 2 potions of might
 m - 3 potions of lignification
 o - a potion of magic
 p - 2 potions of heal wounds {unknown}
 r - 5 potions of curing
 u - 2 potions of resistance
 F - 3 potions of mutation
 Q - a potion of cancellation {unknown}
 T - 3 potions of ambrosia {unknown}
 V - a potion of invisibility {unknown}


   Skills:
 - Level 3.9 Fighting
 - Level 5.1(10.6) Axes
 + Level 14.3(14.6) Maces & Flails
 + Level 14.4 Armour
 - Level 2.3 Dodging


You had 10 spell levels left.
You didn't know any spells.
Your spell library was empty.

Dungeon Overview and Level Annotations

Branches:
Dungeon (9/15)             Temple (1/1) D:5            Lair (1/5) D:9
  Sewer (visited)
    Orc: D:9-12

Altars:
Cheibriados
Dithmenos
Elyvilon
Fedhas
Gozag
Kikubaaqudgha
Makhleb
Nemelex Xobeh
Okawaru
Qazlal
Ru
Sif Muna
Trog
Uskayaw
Vehumet
Wu Jian
Xom
Yredelemnul
Zin
The Shining One

Shops:
D:4 (   D:5 =*   D:7 *   D:8 *

Annotations:
D:7 3 runed translucent doors, indyram44's ghost, journeyman HOFi
Lair:1 Grum


Innate Abilities, Weirdness & Mutations

You have a pair of horns on your head.
You reflexively headbutt those who attack you in melee.


Message History

You barely miss the yak.
The yak is heavily wounded.
You hit the death yak but do no damage. You slash the yak! You miss the wolf.
You hit the death yak but do no damage. You drain the death yak.
The wolf closely misses you. The wolf bites you but does no damage.
The death yak gores you.
* * * LOW HITPOINT WARNING * * *
The yak gores you but does no damage.
The death yak gores you but does no damage.
The yak gores you!
* * * LOW HITPOINT WARNING * * *
You barely miss the yak. You headbutt the yak.
The yak is heavily wounded.
You slash the wolf! You barely miss the death yak. You hit the death yak.
You drain the death yak. You slash the yak!
You kill the yak!
Trog accepts your kill. The wolf barely misses you.
The death yak barely misses you. You furiously retaliate!
You headbutt the death yak! The death yak barely misses you.
The yak closely misses you. The wolf misses you.
The death yak gores you but does no damage.
The death yak barely misses you. You furiously retaliate!
You headbutt the death yak! The yak closely misses you.
You hit the yak. You drain the yak. You headbutt the yak.
The yak is almost dead.
You completely miss the wolf. You slash the death yak!
You completely miss the death yak.
The wolf bites you but does no damage. x2
The death yak gores you.
* * * LOW HITPOINT WARNING * * *
The death yak gores you.
* * * LOW HITPOINT WARNING * * *
The yak gores you but does no damage.
You closely miss the yak.
The yak is almost dead.
You barely miss the wolf. You hit the death yak.
You hit the death yak but do no damage. You drain the death yak.
The wolf closely misses you. The wolf bites you but does no damage.
The death yak gores you!
You die...

..........##...........#########.
...........#+###...#...#.......#.
...........#...........#.......#.
...........#....#......'.......#.
...........+....#......#.......#.
..######...#....#....#.#.......#.
..# #...#....#....#.#.......#.
..######...#....YY.!.#.#######'#.
...........'...Y@......#.......##
...........#...h#......#.........
....<......####'#......#.........
.......................#.........
....................#..#.........
............#..........##########
............#....................
.......##...#....................
.......##...#...................>


You could see 2 death yaks, a yak (drained) and a wolf.

Vanquished Creatures
  A hydra (D:8)
  A two-headed ogre (D:5)
  A cyclops (D:8)
  A manticore (D:8)
  Prince Ribbit (D:7)
  3 wyverns
  2 wraiths
  18 yaks
  Menkaure (D:4)
  Duvessa (D:5)
  2 water moccasins (D:6)
  2 orc warriors (D:7)
  3 sky beasts
  3 ogres
  3 wolves
  A centaur (D:8)
  2 phantoms
  A bullfrog (D:7)
  2 necrophages
  A gnoll sergeant (D:8)
  3 scorpions
  Dowan (D:5)
  5 wights (D:8)
  8 killer bees
  A howler monkey (D:8)
  5 hounds
  4 orc priests
  2 iguanas
  7 orc wizards
  10 gnolls
  9 adders
  A white imp (D:7)
  2 worms
  8 dart slugs
  20 orcs
  12 ball pythons
  7 bats
  5 endoplasms
  2 giant cockroaches
  9 goblins
  8 hobgoblins
  8 jackals
  12 kobolds
  4 quokkas
  3 frilled lizards
  8 rats
214 creatures vanquished.

Vanquished Creatures (others)
  An orc wizard (D:7)
1 creature vanquished.

Grand Total: 215 creatures vanquished

Notes
Turn   | Place    | Note
-------+----------+-------------------------------------------
     0 | D:1      | Morninglord the Minotaur Berserker began the quest for the
                  | Orb.
     0 | D:1      | Reached XP level 1. HP: 19/19 MP: 0/0
   189 | D:1      | Reached XP level 2. HP: 27/27 MP: 1/1
   508 | D:1      | Reached XP level 3. HP: 31/33 MP: 2/2
   590 | D:1      | Reached skill level 5 in Axes
   604 | D:1      | Reached ** piety under Trog
  1286 | D:2      | Reached skill level 1 in Maces & Flails
  1576 | D:2      | Found a faded altar of an unknown god.
  1810 | D:3      | Reached XP level 4. HP: 37/40 MP: 3/3
  2017 | D:3      | Reached *** piety under Trog
  2028 | D:3      | Reached XP level 5. HP: 41/46 MP: 4/4
  2617 | D:4      | Found Faolimp's Weapon Emporium.
  2628 | D:4      | Bought a +0 shortbow of draining for 103 gold pieces
  2701 | D:4      | Noticed an ogre
  2726 | D:4      | Killed an ogre
  2727 | D:4      | Reached XP level 6. HP: 43/52 MP: 5/5
  2864 | D:4      | Noticed Menkaure
  2885 | D:4      | Killed Menkaure
  2886 | D:4      | Reached skill level 5 in Maces & Flails
  2886 | D:4      | Reached skill level 5 in Armour
  3115 | D:4      | Found a shadowy altar of Dithmenos.
  3160 | D:4      | Reached XP level 7. HP: 58/58 MP: 6/6
  3212 | D:4      | Reached **** piety under Trog
  3364 | D:5      | Entered Level 5 of the Dungeon
  3432 | D:5      | Found Telam's One-of-a-Kind Rings.
  3435 | D:5      | Found a staircase to the Ecumenical Temple.
  3449 | Temple   | Entered the Ecumenical Temple
  3750 | D:5      | Noticed a two-headed ogre
  3767 | D:5      | Killed a two-headed ogre
  3768 | D:5      | Reached XP level 8. HP: 53/66 MP: 7/7
  3791 | D:5      | Noticed Duvessa
  3791 | D:5      | Noticed Dowan
  3807 | D:5      | Killed Dowan
  3812 | D:5      | Killed Duvessa
  4503 | D:5      | Found Ivoukia's General Store.
  4662 | D:5      | Found an ancient bone altar of Kikubaaqudgha.
  5215 | D:6      | Found a glowing drain.
  5242 | D:6      | Reached XP level 9. HP: 71/71 MP: 8/8
  5249 | D:6      | Reached skill level 10 in Armour
  5528 | Sewer    | Entered a sewer
  6046 | D:7      | Reached skill level 10 in Maces & Flails
  6061 | D:7      | Found Gozag's Platinum Reserve.
  6065 | D:7      | Found an opulent altar of Gozag.
  6067 | D:7      | Noticed Prince Ribbit
  6097 | D:7      | Killed Prince Ribbit
  6266 | D:7      | Found a flagged portal.
  6518 | D:7      | Reached ***** piety under Trog
  6861 | D:7      | Noticed indyram44's ghost (journeyman HOFi)
  6978 | D:7      | Found a runed translucent gate.
  6978 | D:7      | Found a runed translucent gate.
  6979 | D:7      | Found a runed translucent gate.
  7561 | D:7      | Found an ornate altar of the Wu Jian Council.
  7869 | D:8      | Noticed a cyclops
  7884 | D:8      | Killed a cyclops
  7885 | D:8      | Reached XP level 10. HP: 41/78 MP: 9/9
  8028 | D:8      | Found Qidad's CLEARANCE SALE!.
  8262 | D:8      | Found a stormy altar of Qazlal.
  8576 | D:8      | Noticed a four-headed hydra
  9019 | D:8      | Noticed a manticore
  9024 | D:8      | Found the +6 arbalest "Damnation" {damnation}
  9025 | D:8      | Killed a manticore
  9150 | D:8      | Killed a four-headed hydra
  9530 | D:9      | Reached XP level 11. HP: 78/83 MP: 10/10
  9672 | D:9      | Found a staircase to the Lair.
  9689 | D:9      | Found a radiant altar of Vehumet.
 10383 | Lair:1   | Entered Level 1 of the Lair of Beasts
 10397 | Lair:1   | Noticed Grum
 10399 | Lair:1   | Noticed a death yak
 10404 | Lair:1   | Noticed a death yak
 10630 | D:9      | HP: 2/83 [death yak (4)]
 10631 | D:9      | Mangled by a death yak

Illustrated notes

Levels and vault maps discovered:
D:1:      lightli_molten_gateway, layout_basic, hangedman_decor_growths
D:2:      layout_rooms, shapermc_ecumenical_altar_petra, serial_park_tiny_2
D:3:      layout_loops_cross
D:4:      layout_loops_ring, grunt_dithmenos_smoke, serial_shops,
          nicolae_shop_trees, minivault_19, st_stairs_7, minmay_ruptured,
          uniq_menkaure
D:5:      layout_layer_cave, kiku_gazebo_pond_becter,
          minmay_temple_entry_butterflies, serial_shops, shop,
          minmay_fountain_box, nicolae_shop_unique_rings, uniq_duvessa
D:6:      layout_basic, portal_sewer_entry_b, solitary_fountain,
          kennysheep_generic_room_7
D:7:      layout_layer_cave, nicolae_gozag_zags_fifth_avenue,
          nicolae_wu_jian_immortal_techniques, enter_bailey_5,
          ebering_ghost_rock_garden, hex_large, nrook_mini_backslash,
          grunt_decor_resistance, minivault_5, uniq_prince_ribbit1
D:8:      minmay_tri_box, layout_basic, grunt_qazlal_sundering,
          nicolae_shop_clearance
D:9:      layout_stronghold, vehumet_altar_wand_db, lair_entry_dummy
Temple:   minmay_temple_curvy_branch
Lair:1:   layout_hall_layers, uniq_grum

Skill      XL: |  1  2  3  4  5  6  7  8  9 10 11 |
---------------+----------------------------------+-----
Axes           | 4 5 |  5.1
Maces & Flails | 1 3 4 5 7 9 11 13 14 | 14.3
Armour         | 3 4 6 8 9 12 14 | 14.4
Fighting       | |  3.9
Dodging        | |  2.3

Action                   |  1- 3 |  4- 6 |  7- 9 | 10-12 || total
-------------------------+-------+-------+-------+-------++-------
Melee: Hand axe          |    70 |       |       |       ||    70
       Headbutt          |    15 |    16 |    36 |    42 ||   109
       Flail             |    41 |   128 |   204 |       ||   373
       Battleaxe         |       |       |    40 |    66 ||   106
       Punch             |       |       |     3 |       ||     3
       Dire flail        |       |       |       |   109 ||   109
Invok: Trog's Hand       |       |     1 |     2 |       ||     3
       Brothers in Arms  |       |       |       |     1 ||     1
Evoke: Wand              |       |     1 |     5 |       ||     6
  Use: Scroll            |     3 |     6 |     9 |     3 ||    21
Armor: Animal skin       |     5 |       |       |       ||     5
       Ring mail         |    16 |       |       |       ||    16
       Plate armour      |    10 |    67 |   151 |   135 ||   363
Dodge: Dodged            |    57 |    48 |   169 |   130 ||   404

Table legend: (Time is in decaauts)
 A = Elapsed time spent in this place.
 B = Non-inter-level travel time spent in this place.
 C = Inter-level travel time spent in this place.
 D = Time resting spent in this place.
 E = Time spent auto-exploring this place.
 F = Levels seen in this place.
 G = Mean time per level.
                   A        B        C        D        E       F      G
               +--------+--------+--------+--------+--------+-----+--------+
         Total |  10653 |   8393 |   2260 |   1789 |   3987 |  12 |  887.8 |
       Dungeon |  10246 |   8015 |   2231 |   1789 |   3731 |   9 | 1138.4 |
        Temple |    294 |    267 |     27 |      0 |    256 |   1 |  294.0 |
          Lair |     30 |     28 |      2 |      0 |      0 |   1 |   30.0 |
         Sewer |     82 |     82 |      0 |      0 |      0 |   1 |   82.0 |
               +--------+--------+--------+--------+--------+-----+--------+

Top non-repeatable levels by time:
     D:7: 2114 daAuts
     D:9: 1322 daAuts
     D:8: 1322 daAuts
     D:5: 1245 daAuts
     D:1: 1216 daAuts
     D:6: 845 daAuts
     D:3: 841 daAuts
     D:4: 818 daAuts
     D:2: 520 daAuts
  Temple: 294 daAuts
   Sewer: 82 daAuts
  Lair:1: 30 daAuts
